 Dungeon Crawl Stone Soup version 0.21.1-1-g345015fe64 (webtiles) character file.

91 Dox the Magician (level 4, -1/30 HPs)
             Began as a Human Wizard on Apr 20, 2018.
             Slain by Grinder (5 damage)
             ... on level 3 of the Dungeon.
             The game lasted 00:08:34 (2593 turns).

Dox the Magician (Human Wizard)                     Turns: 2593, Time: 00:08:34

Health: -1/30      AC:  2    Str:  9    XL:     4   Next: 88%
Magic:  4/10       EV: 12    Int: 18    God:
Gold:   104        SH:  0    Dex: 11    Spells: 7/11 levels left

rFire    . . .     SeeInvis +   j - +0 dagger
rCold    . . .     Gourm    .   (no shield)
rNeg     . . .     Faith    .   a - +0 robe
rPois    .         Spirit   .   b - +0 hat
rElec    .         Reflect  .   (no cloak)
rCorr    .         Harm     .   (no gloves)
MR       .....                  (no boots)
Stlth    ++........             (no amulet)
HPRegen  0.10/turn              o - ring of see invisible
MPRegen  0.12/turn              (no ring)

@: very slightly contaminated
A: no striking features
a: no special abilities


You were on level 3 of the Dungeon.
You were not hungry.

You visited 1 branch of the dungeon, and saw 3 of its levels.

You collected 104 gold pieces.

Inventory:

Hand Weapons
 j - a +0 dagger (weapon)
Missiles
 e - 171 stones (quivered)
Armour
 a - a +0 robe (worn)
 b - a +0 hat (worn)
Jewellery
 o - a ring of see invisible (left hand)
Scrolls
 f - 2 scrolls of remove curse {unknown}
 h - 2 scrolls of identify {unknown}
 k - 2 scrolls of fear {unknown}
 l - 2 scrolls of teleportation {unknown}
 m - 2 scrolls of random uselessness {unknown}
 r - a scroll of magic mapping {unknown}
Potions
 g - a potion of ambrosia {unknown}
 i - 2 potions of might {unknown}
 n - a potion of agility {unknown}
 p - a potion of resistance {unknown}
 q - a potion of curing {unknown}
 s - a potion of berserk rage {unknown}
Books
 c - a book of Minor Magic

   Spells                             Type                      Level
   a - Magic Dart                     Conjuration                  1
   b - Blink                          Translocation                2
   c - Call Imp                       Summoning                    2
   d - Slow                           Hexes                        2
   e - Conjure Flame                  Conjuration/Fire             3
   f - Mephitic Cloud                 Conjuration/Poison/Air       3
Comestibles
 d - 5 rations


   Skills:
 + Level 2.3 Dodging
 - Level 2.0 Stealth
 + Level 4.0 Spellcasting
 * Level 2.5 Conjurations
   Level 1.0 Summonings
   Level 1.0 Translocations
 * Level 0.6 Air Magic
 * Level 0.2 Poison Magic


You had 7 spell levels left.
You knew the following spells:

 Your Spells              Type           Power        Failure   Level  Hunger
a - Magic Dart            Conj           ##..         5%          1    None
b - Mephitic Cloud        Conj/Pois/Air  #.......     28%         3    ###....


Dungeon Overview and Level Annotations

Branches:
Dungeon (3/15)

Altars:
Qazlal

Annotations:
D:3 Grinder


Message History

You writhe in agony.
* * * LOW HITPOINT WARNING * * *
Unknown command.
Casting: Magic Dart
Confirm with . or Enter, or press ? or * to list all spells.
Aiming: Magic Dart
Press: ? - help, Shift-Dir - straight line, f/p - Grinder
Aim: Grinder (lightly wounded)
The magic dart hits Grinder.
Grinder is lightly wounded.
Grinder closely misses you.
Casting: Magic Dart
Confirm with . or Enter, or press ? or * to list all spells.
Aiming: Magic Dart
Press: ? - help, Shift-Dir - straight line, f/p - Grinder
Aim: Grinder (lightly wounded)
The magic dart hits Grinder.
Grinder is lightly wounded.
Grinder hits you.
You die...

#.##.###.#.#..##)##.#..#
#..............#.# #
#.##......###..#.#
#.#####...# #..#.# #.
#...# #..#.# #.†.#
#..#.# .#
...###..#.###...#
........5.......#
........#@###...#
..####..#.# .# . #..#.#
#..(.. ##.### ..# #.


You could see Grinder.

Vanquished Creatures
  An orc wizard (D:3)
  2 oozes
  2 worms
  A dart slug (D:1)
  2 leopard geckos (D:2)
  A ball python (D:2)
  8 bats
  3 giant cockroaches
  7 goblins
  6 hobgoblins
  2 frilled lizards
  3 kobolds (D:1)
  5 rats
43 creatures vanquished.

Notes
Turn   | Place    | Note
-------+----------+-------------------------------------------
     0 | D:1      | Dox the Human Wizard began the quest for the Orb.
     0 | D:1      | Reached XP level 1. HP: 13/13 MP: 4/4
   355 | D:1      | Reached XP level 2. HP: 19/19 MP: 1/6
   918 | D:1      | Reached XP level 3. HP: 24/24 MP: 5/8
  1691 | D:2      | Found a stormy altar of Qazlal.
  1779 | D:2      | Reached XP level 4. HP: 30/30 MP: 4/9
  2426 | D:3      | Learned a level 3 spell: Mephitic Cloud
  2509 | D:3      | Reached skill level 4 in Spellcasting
  2587 | D:3      | Noticed Grinder
  2593 | D:3      | Slain by Grinder

Skill      XL: |  1  2  3  4 |
---------------+-------------+-----
Conjurations   | 2 |  2.5
Spellcasting   | 4 |  4.0
Dodging        | |  2.3
Stealth        | |  2.0
Summonings     | |  1.0
Translocations | |  1.0
Air Magic      | |  0.6
Poison Magic   | |  0.2

Action                   |  1- 3 |  4- 6 || total
-------------------------+-------+-------++-------
Melee: Dagger            |    49 |     2 ||    51
Throw: Stone             |       |     2 ||     2
 Cast: Magic Dart        |    89 |    40 ||   129
  Eat: Chunk             |     3 |     2 ||     5
Armor: Robe              |    16 |     6 ||    22
Dodge: Dodged            |    49 |    11 ||    60
